 Dungeon Crawl Stone Soup version 0.28.0 (webtiles) character file.

Game seed: 3348337179938932672

9 sanka the Magician (level 2, 16/16 HPs)
             Began as a Deep Elf Transmuter on Feb 8, 2022.
             Was a Believer of Lugonu.
             Quit the game on level 1 of the Dungeon.
             The game lasted 00:00:43 (940 turns).

sanka the Magician (Deep Elf Transmuter)             Turns: 940, Time: 00:00:44

Health: 16/16      AC:  5    Str:  7    XL:     2   Next: 3%
Magic:  9/9        EV: 12    Int: 17    God:    Lugonu [**....]
Gold:   25         SH:  0    Dex: 15    Spells: 8/9 levels left

rFire   . . .      SeeInvis .     - Unarmed
rCold   . . .      Faith    .   (no shield)
rNeg    . . .      Spirit   .   a - +0 robe
rPois   .          Reflect  .   (no helmet)
rElec   .          Harm     .   g - +2 cloak
rCorr   .          Rampage  .   (no gloves)
Will    .....                   (no boots)
Stlth   +.........              (no amulet)
HPRegen 0.05/turn               (no ring)
MPRegen 0.11/turn               (no ring)

@: no status effects
A: no striking features
a: Renounce Religion, Depart the Abyss, Bend Space


You were on level 1 of the Dungeon.
You worshipped Lugonu.
Lugonu was pleased with you.
You visited 1 branch of the dungeon, and saw 1 of its levels.

You collected 25 gold pieces.

Inventory:

Armour
 a - a +0 robe (worn)
 g - a +2 cloak (worn)
Scrolls
 b - a scroll of vulnerability {unknown}
 d - a scroll of immolation {unknown}
 e - a scroll of amnesia {unknown}
 f - a scroll of teleportation {unknown}
 h - a scroll of noise {unknown}
Potions
 c - a potion of invisibility {unknown}


   Skills:
 - Level 0.7 Fighting
 - Level 2.4 Dodging
 - Level 2.4 Unarmed Combat
 + Level 4.0 Spellcasting
 - Level 2.1 Transmutations


You had 8 spell levels left.
You knew the following spells:

 Your Spells              Type           Power      Damage    Failure   Level
a - Beastly Appendage     Tmut           20%        N/A       6%          1

Your spell library contained the following spells:

 Spells                   Type           Power      Damage    Failure   Level
 Wereblood                Tmut           10%        N/A       10%         2
 Spider Form              Tmut/Pois      7%         N/A       30%         3
 Ice Form                 Ice/Tmut       7%         N/A       69%         4


Dungeon Overview and Level Annotations

Branches:
Dungeon (1/15)

Altars:
Lugonu


Message History

Found 10 gold pieces.
The helpless ball python fails to defend itself.
You hit the ball python. You claw the ball python.
You kill the ball python!
Your Spellcasting skill increases to level 4!
You have reached level 2!
You start resting.
Your transformation is almost over.
Your horns disappear.
Your talons disappear.
Magic restored.
Found a barding.
You see here a ball python corpse.
You now have 25 gold pieces (gained 10).
A ball python comes into view.
The ball python hisses angrily.
You grow a pair of large bovine horns.
Your feet morph into talons.
You closely miss the ball python. You claw the ball python.
The ball python is severely wounded.
The ball python closely misses you. The ball python grabs you.
The ball python constricts you.
You closely miss the ball python. You claw the ball python.
You kill the ball python!
No target in view!
No target in view!
You start resting.
Your transformation is almost over.
HP restored.
You start resting.
Magic restored.
Your horns disappear.
Your talons disappear.
Found a faded altar of an unknown god.
A kobold comes into view. It is wielding a +0 dagger.
There is a faded altar of an unknown god here.
You cannot tell which god this altar belongs to.
Convert to them anyway?
Lugonu accepts your prayer! Lugonu welcomes you!
You can now depart the Abyss.
You can now bend space around yourself.
Unknown command.
Press < or > to pray at altars.
Are you sure you want to abandon this character and quit the game? (Confirm with "yes".)

... ### ... ..# ..K #.#
#.# #.# #.# #.# #.#
#.##### #
#######.####......
##..#⌠#⌠#⌠#.............
.......@....############
...##⌠#⌠#⌠### # # #####
# # # ### #.. ♣♣♣♣♣ #.#
#♣♣♣♣...♣♣♣♣# #.#


There were no monsters in sight!

Vanquished Creatures
  A dart slug (D:1)
  3 ball pythons (D:1)
  An endoplasm (D:1)
  A quokka (D:1)
  A kobold (D:1)
7 creatures vanquished.

Notes
Turn   | Place    | Note
-------+----------+-------------------------------------------
     0 | D:1      | sanka the Deep Elf Transmuter began the quest for the Orb.
     0 | D:1      | Reached XP level 1. HP: 11/11 MP: 6/6
   845 | D:1      | Reached skill level 4 in Spellcasting
   845 | D:1      | Reached XP level 2. HP: 16/16 MP: 7/9
   931 | D:1      | Found a faded altar of an unknown god.
   939 | D:1      | Prayed at the altar of an unknown god.
   939 | D:1      | Became a worshipper of Lugonu the Unformed
   939 | D:1      | Reached * piety under Lugonu
   939 | D:1      | Reached ** piety under Lugonu
   940 | D:1      | Quit the game

Illustrated notes

Levels and vault maps discovered:
D:1:      giann_forest_graveyard, layout_loops_ring,
          ebering_ecumenical_altar_hall, patterned_corridor

Skill      XL: |  1 |
---------------+----+-----
Spellcasting   | 4 |  4.0
Fighting       | |  0.7
Dodging        | |  2.4
Unarmed Combat | |  2.4
Transmutations | |  2.1

Action                   || total
-------------------------++-------
Melee: Unarmed           ||    17
       Kick              ||     6
       Headbutt          ||     1
 Cast: Beastly Appendage ||     5
 Stab: Sleeping          ||     1
Armor: Robe              ||     1
Dodge: Dodged            ||    11
